AoeStats
← Infadel

Runestones

508076208Analyzed
1v1 RM · 12d ago on Sep 20, 2026· 33m 55s· 2 players
Game mode
Random Map
Map size
Tiny (2 player)
Population
200
Speed
Normal
Resources
Standard
Victory
Conquest
Starting age
Dark Age
Ending age
Imperial Age
RankedLock teamsTeams togetherTeam positionsShared explorationLock speedFull tech treeHidden civsTurbo modeCheats
Victory
Defeat
🇮🇳 Chinese · India
1096
+15
🇧🇪 Ethiopians · Belgium
1084
-15
Vinelta
7:02 Loom
9:31 Feudal Age
10:57 Double-Bit Axe
19:07 Fletching
22:08 Castle Age
23:17 Town Watch
28:59 Horse Collar
30:15 Scale Mail Armor
Infadel
7:38 Loom
10:08 Feudal Age
23:24 Forging
25:38 Castle Age
24:05 Scale Barding Armor
24:15 Stone Mining
26:03 Light Cavalry
26:54 Bloodlines
26:43 Double-Bit Axe
28:21 Wheelbarrow
27:31 Town Watch
28:41 Fletching
29:27 Iron Casting
29:12 Chain Barding Armor
30:42 Hand Cart
33:15 Padded Archer Armor
Connection lost

Rejoining the realm…

Still unreachable

The connection could not be restored.

Session expired

The server has moved on; the page needs a fresh start.